 Dungeon Crawl Stone Soup version 0.25.1-2-g60ff931df9 (webtiles) character file.

Game seed: 3139633417360407943

99 AlexRAT the Skirmisher (level 4, -2/41 HPs)
             Began as a Minotaur Berserker on Aug 9, 2020.
             Was a Believer of Trog.
             Slain by a gnoll
             ... wielding a +0 spear
              (4 damage)
             ... on level 2 of the Dungeon.
             The game lasted 00:03:04 (1315 turns).

AlexRAT the Skirmisher (Minotaur Berserker)         Turns: 1315, Time: 00:03:04

Health: -2/41      AC:  4    Str: 21    XL:     4   Next: 45%
Magic:  3/3        EV: 13    Int:  4    God:    Trog [**....]
Gold:   54         SH:  0    Dex: 11    Spells: 3/3 levels left

rFire    . . .     SeeInvis .   a - +0 hand axe
rCold    . . .     Gourm    .   (no shield)
rNeg     . . .     Faith    .   b - +0 animal skin
rPois    .         Spirit   .   (helmet restricted)
rElec    .         Reflect  .   (no cloak)
rCorr    +         Harm     .   j - +1 pair of gloves
MR       ++...                  (no boots)
Stlth    ..........             (no amulet)
HPRegen  1.13/turn              e - ring of attention (curse)
MPRegen  0.08/turn              h - ring of resist corrosion

@: regenerating
A: retaliatory headbutt, horns 2
a: Berserk, Trog's Hand, Renounce Religion


You were on level 2 of the Dungeon.
You worshipped Trog.
Trog was pleased with you.
You were hungry.

You visited 1 branch of the dungeon, and saw 2 of its levels.

You collected 54 gold pieces.

Inventory:

Hand Weapons
 a - a +0 hand axe (weapon)
Armour
 b - a +0 animal skin (worn)
 j - a +1 pair of gloves (worn)
Jewellery
 e - a cursed ring of attention (left hand)
 h - a ring of resist corrosion (right hand)
Scrolls
 d - a scroll of blinking {unknown}
 g - a scroll of immolation {unknown}
 i - a scroll of identify {unknown}
 l - a scroll of remove curse {unknown}
Potions
 k - a potion of lignification {unknown}
Comestibles
 c - 3 rations
 f - 3 chunks of flesh


   Skills:
 + Level 4.6 Fighting
 - Level 3.6 Axes
 + Level 3.9 Armour
 + Level 3.4 Dodging


You had 3 spell levels left.
You didn't know any spells.
Your spell library was empty.

Dungeon Overview and Level Annotations

Branches:
Dungeon (2/15)

Altars:
Cheibriados


Innate Abilities, Weirdness & Mutations

You reflexively headbutt those who attack you in melee.
You have a pair of horns on your head.


Message History

Things that are here:
a +0 club; a +0 spear You hit the gnoll but do no damage.
Your headbutt misses the gnoll. The gnoll misses you. You furiously retaliate!
You headbutt the gnoll.
Your skin crawls.
You feel resistant to hostile enchantments.
You are feeling hungry.
The gnoll hits you but does no damage.
You barely miss the gnoll.
The gnoll is lightly wounded.
The gnoll hits you with a +0 spear.
* * * LOW HITPOINT WARNING * * *
You hit the gnoll. Your headbutt misses the gnoll.
The gnoll is heavily wounded.
The gnoll hits you with a +0 spear.
* * * LOW HITPOINT WARNING * * *
You closely miss the gnoll.
The gnoll is heavily wounded.
The gnoll hits you with a +0 spear.
You die...

#.............#
#.###.######<##
#.###.### #.#
##.#.#.#.## #.# ##
#.........# #.# .#
##.#.#.#.## #.# .#
#....>....# #.# .#
###.#.#.#.####.##..
.#
#..........@gg.....
.#
#.#.#.#.#.###...#.#
.# #..........#
....# ##
#.#.#.#.#.## .#.#
### #.#....<### # .
..# #..รท##### #.#
###.# #.#
####.##### #.#
#........#


You could see 2 gnolls.

Vanquished Creatures
  2 gnolls (D:2)
  2 adders (D:2)
  3 worms (D:2)
  4 dart slugs
  A leopard gecko (D:1)
  4 ball pythons (D:1)
  3 giant cockroaches
  6 goblins
  A hobgoblin (D:2)
  7 bats
  5 frilled lizards
  2 kobolds
  9 rats
49 creatures vanquished.

Notes
Turn   | Place    | Note
-------+----------+-------------------------------------------
     0 | D:1      | AlexRAT the Minotaur Berserker began the quest for the Orb.
     0 | D:1      | Reached XP level 1. HP: 19/19 MP: 0/0
   140 | D:1      | Reached XP level 2. HP: 27/27 MP: 1/1
   146 | D:1      | Reached skill level 4 in Fighting
   289 | D:1      | You fall into a shaft and drop 1 floor!
   308 | D:2      | Reached ** piety under Trog
   310 | D:2      | Reached XP level 3. HP: 33/33 MP: 2/2
   562 | D:2      | Found a snail-covered altar of Cheibriados.
  1090 | D:1      | Reached XP level 4. HP: 40/41 MP: 3/3
  1314 | D:2      | HP: 1/41 [gnoll/+0 spear (4)]
  1315 | D:2      | Slain by a gnoll

Illustrated notes

Levels and vault maps discovered:
D:1:      lightli_arrival_statue_moat, layout_basic, serial_glass,
          glass_columns_c, glass_columns_b
D:2:      layout_loops_corners, cheibriados_altar_1, lemuel_round_altar,
          st_stairs_9, serial_bayou_lagoon_a, nrook_loot_triangle,
          minmay_heptomino_w4

Skill      XL: |  1  2  3 |
---------------+----------+-----
Fighting       | 4 |  4.6
Armour         | 3 |  3.9
Dodging        | 3 |  3.4
Axes           | |  3.6

Action                   |  1- 3 |  4- 6 || total
-------------------------+-------+-------++-------
Melee: Hand axe          |    67 |    15 ||    82
       Headbutt          |    13 |     1 ||    14
Invok: Berserk           |     1 |       ||     1
       Trog's Hand       |       |     1 ||     1
  Eat: Chunk             |     1 |     1 ||     2
Armor: Animal skin       |     8 |     1 ||     9
Dodge: Dodged            |    55 |     7 ||    62
